 Dungeon Crawl Stone Soup version 0.31-a0-219-g8d62b2e7bb (webtiles) character file.

Game seed: 4957097384547759121

62 mobinator the Cudgeller (level 3, -7/33 HPs)
             Began as a Minotaur Berserker on July 3, 2023.
             Was a Believer of Trog.
             Mangled by Crazy Yiuf
             ... wielding a +4 quarterstaff of chaos
              (15 damage)
             ... on level 2 of the Dungeon.
             The game lasted 00:02:39 (1079 turns).

mobinator the Cudgeller (Minotaur Berserker)        Turns: 1079, Time: 00:02:41

Health: -7/33      AC:  5    Str: 23    XL:     3   Next: 85%
Magic:  2/2        EV: 11    Int:  4    God:    Trog [**....]
Gold:   76         SH:  0    Dex:  9    Spells: 2/2 levels left

rFire   . . .        a - +0 mace
rCold   . . .        (no shield)
rNeg    . . .        g - +0 ring mail
rPois   .            (helmet restricted)
rElec   .            (no cloak)
rCorr   .            (no gloves)
SInv    .            (no boots)
Will    .....        (no amulet) Stlth
                     (no ring)
HPRegen 0.25/turn    (no ring)
MPRegen 0.08/turn

%: no passive effects
@: no status effects
A: horns 2, retaliatory headbutt
a: Renounce Religion, Berserk, Trog's Hand


You were on level 2 of the Dungeon.
You worshipped Trog.
Trog was pleased with you.
You visited 1 branch of the dungeon, and saw 2 of its levels.

You collected 76 gold pieces.

Inventory:

Hand Weapons
 a - a +0 mace (weapon)
Armour
 b - a +0 animal skin
 g - a +0 ring mail (worn)
Scrolls
 c - 2 scrolls of identify {unknown}
 d - a scroll of enchant armour {unknown}
 e - a scroll of fear {unknown}
 f - a scroll of enchant weapon {unknown}
Potions
 h - a potion of berserk rage
 i - a potion of haste {unknown}
 j - 2 potions of attraction {unknown}


   Skills:
 + Level 4.2 Fighting
 + Level 4.2 Maces & Flails
 + Level 3.3 Armour
 + Level 3.0 Dodging


You had 2 spell levels left.
You didn't know any spells.
Your spell library was empty.

Dungeon Overview and Level Annotations

Branches:
Dungeon (2/15)

Altars:

Shops:
D:1 ?

Annotations:
D:2 Crazy Yiuf


Innate Abilities, Weirdness & Mutations

You have a pair of horns on your head.
You reflexively headbutt those who attack you in melee.


Message History

You open the door.
A dart slug comes into view.
The dart slug launches a dart at you. The slug dart hits you.
There is an open door here.
The dart slug bites you.
You thump the dart slug!
The dart slug is almost dead.
The dart slug launches a dart at you. The slug dart hits you.
You barely miss the dart slug.
The dart slug is almost dead.
The dart slug bites you but does no damage.
You thump the dart slug!
You kill the dart slug!
Trog accepts your kill.
Found a leather armour.
You see here a +0 leather armour.
There is an open door here.
You see here 4 poisoned darts.
j - 2 fuming golden potions
Found an escape hatch in the floor.
Found a stone staircase leading up.
You now have 76 gold pieces (gained 10).
There is a stone staircase leading down here.
Found a hammer.
Found a runed translucent door.
Crazy Yiuf shouts!
You open the door. You hit Crazy Yiuf but do no damage.
Crazy Yiuf says, "Hah!
Fire bag hog."
Crazy Yiuf closely misses you.
You hit Crazy Yiuf.
Crazy Yiuf is lightly wounded.
Crazy Yiuf drinks a potion.
Crazy Yiuf goes berserk!
You hit Crazy Yiuf but do no damage.
Crazy Yiuf is lightly wounded.
Crazy Yiuf hits you with a +4 quarterstaff of chaos!!
Ouch! That really hurt!
* * * LOW HITPOINT WARNING * * *
You are electrocuted!
You die...

#########
#....##.......#
#.#...#.###.###
#.#####.# #.# ###
### #.# #.# #.##
### ♣♣##..#
#)..#♣♣ ♣♣.....#
#...g@♣♣♣♣......#
#...#♣..♣......##
### ♣♣♣.♣....##
♣♣♣♣♣###


You could see Crazy Yiuf (berserk).

Vanquished Creatures
  2 adders (D:2)
  A worm (D:2)
  A dart slug (D:2)
  3 ball pythons (D:1)
  5 endoplasms (D:1)
  4 giant cockroaches
  3 goblins (D:1)
  4 hobgoblins
  3 quokkas (D:1)
  3 bats (D:1)
  2 frilled lizards
  2 kobolds (D:1)
  4 rats (D:1)
37 creatures vanquished.

Notes
Turn   | Place    | Note
-------+----------+-------------------------------------------
     0 | D:1      | mobinator the Minotaur Berserker began the quest for the
                  | Orb.
     0 | D:1      | Reached XP level 1. HP: 19/19 MP: 0/0
   131 | D:1      | Reached XP level 2. HP: 14/27 MP: 1/1
   217 | D:1      | You fall into a shaft and drop 1 floor!
   309 | D:2      | Reached XP level 3. HP: 20/33 MP: 2/2
   583 | D:1      | Found a faded altar of an unknown god.
   629 | D:1      | Found Rech's Magic Scroll Shoppe.
   635 | D:1      | Reached ** piety under Trog
  1072 | D:2      | Found a runed translucent door.
  1073 | D:2      | Noticed Crazy Yiuf
  1079 | D:2      | Mangled by Crazy Yiuf

Illustrated notes

Levels and vault maps discovered:
D:1:      minmay_arrival_stone_box, layout_loops_ring,
          ebering_ecumenical_altar_box, serial_shops, shop,
          serial_bayou_lagoon_a, minmay_misc_feat_chi, grunt_decor_one_mirror,
          minmay_tiny_reverse_x
D:2:      layout_basic, palyth_stone_intersect, kennysheep_pointless_box,
          chequers_avenue, amcnicky_mini_corridor_feature, minmay_pentomino_w2,
          uniq_crazy_yiuf_cottage

Skill      XL: |  1  2  3 |
---------------+----------+-----
Fighting       | 4 |  4.2
Maces & Flails | 4 |  4.2
Armour         | 3 |  3.3
Dodging        | 3 |  3.0

Action                     || total
---------------------------++-------
  Melee: Mace              ||    81
         Headbutt          ||    15
         Punch             ||     2
   Stab: Sleeping          ||     1
 Armour: Animal skin       ||    11
         Ring mail         ||     8
  Dodge: Dodged            ||    61

Table legend: (Time is in decaauts)
 A = Elapsed time spent in this place.
 B = Non-inter-level travel time spent in this place.
 C = Inter-level travel time spent in this place.
 D = Time resting spent in this place.
 E = Time spent auto-exploring this place.
 F = Levels seen in this place.
 G = Mean time per level.
                   A        B        C        D        E       F      G
               +--------+--------+--------+--------+--------+-----+--------+
         Total |   1103 |   1102 |      1 |    100 |    690 |   2 |  551.5 |
       Dungeon |   1103 |   1102 |      1 |    100 |    690 |   2 |  551.5 |
               +--------+--------+--------+--------+--------+-----+--------+

Top non-repeatable levels by time:
     D:1: 750 daAuts
     D:2: 352 daAuts
